 Dungeon Crawl Stone Soup version 0.30-a0-760-g5a9884bb7c (webtiles) character file.

Game seed: 15124651066649687906

3454 Angani the Reanimator (level 9, 0/93 HPs)
             Began as a Purple Draconian Necromancer on Feb 11, 2023.
             Slain by a killer bee (5 damage)
             ... on level 8 of the Dungeon.
             The game lasted 00:16:21 (8848 turns).

Angani the Reanimator (DrNe)                        Turns: 8848, Time: 00:16:21

Health: 0/93       AC: 24    Str: 11    XL:     9   Next: 78%
Magic:  18/20      EV:  2    Int: 19    God:
Gold:   542        SH:  0    Dex: 12    Spells: 10/23 levels left

rFire   + . .      SeeInvis .    l - +9 dagger (protect)
rCold   + . .      Faith    .    (no shield)
rNeg    . . .      Spirit   .    (body armour unavailable)
rPois   +          Reflect  .    (helmet currently unavailable)
rElec   +          Harm     .    (cloak currently unavailable)
rCorr   +          Rampage  .    (gloves currently unavailable)
Will    ++...      NoTele   +    (boots currently unavailable)
Stlth   ++                       v - amulet of regeneration
HPRegen 1.15/turn                m - ring of willpower
MPRegen 0.17/turn                w - ring of wizardry

@: lethally poisoned (0 -> 0), tree-form, resistant, animating dead (expiring)
A: stationary, stasis, torment immunity, boosted hp, (breathe power), AC +7,
unfitting armour, (cold-blooded)
a: no special abilities


You were on level 8 of the Dungeon.
You were a tree.
You visited 2 branches of the dungeon, and saw 9 of its levels.

You collected 542 gold pieces.

Inventory:

Hand Weapons
 l - a +9 dagger of protection (weapon)
Missiles
 e - 3 curare-tipped darts
 g - 8 poisoned darts
 u - a throwing net
Armour
 f - an orb of wrath
 j - a +0 cloak (melded)
Jewellery
 a - a ring of ice
 m - a ring of willpower (left branch)
 n - a +6 ring of dexterity
 v - an amulet of regeneration (around neck)
 w - a ring of wizardry (right branch)
 z - a +6 ring of dexterity
Wands
 h - a wand of light (11)
 i - a wand of mindburst (14)
 k - a wand of polymorph (8)
Scrolls
 b - 3 scrolls of teleportation
 p - 2 scrolls of torment
 q - a scroll of immolation
 r - a scroll of amnesia
 t - a scroll of vulnerability {unknown}
 x - a scroll of blinking {unknown}
 y - a scroll of brand weapon {unknown}
 A - a scroll of silence
Potions
 o - a potion of degeneration {unknown}
 B - a potion of cancellation {unknown}


   Skills:
 - Level 1.7 Dodging
 - Level 1.7 Stealth
 - Level 7.6 Spellcasting
 + Level 10.7 Necromancy
 + Level 8.0 Evocations


You had 10 spell levels left.
You knew the following spells:

 Your Spells              Type           Power      Damage    Failure   Level
a - Necrotise             Necr           100%       1d9       1%          1
b - Vampiric Draining     Necr           48%        2d9       1%          3
c - Animate Dead          Necr           48%        N/A       1%          4
d - Agony                 Necr           48%        N/A       1%          5

Your spell library contained the following spells:

 Spells                   Type           Power      Damage    Failure   Level
 Dazzling Flash           Conj/Hex       14%        N/A       12%         3
 Iskenderun's Mystic Bla  Conj/Tloc      7%         2d4       34%         4
 Starburst                Conj/Fire      3%         6d3       99%         6


Dungeon Overview and Level Annotations

Branches:
Dungeon (8/15)             Temple (1/1) D:7
   Lair: D:8-11

Altars:
Ashenzari
Cheibriados
Dithmenos
Elyvilon
Fedhas
Gozag
Hepliaklqana
Kikubaaqudgha
Makhleb
Nemelex Xobeh
Okawaru
Qazlal
Ru
Sif Muna
Trog
Uskayaw
Wu Jian
Xom
Zin
The Shining One

Shops:
D:1 !   D:2 [


Innate Abilities, Weirdness & Mutations

You are a tree.
Your roots penetrate the ground, keeping you stationary.
You cannot be teleported.
You are immune to unholy pain and torment.
Your maximum health is greatly increased.
Your equipment is partially melded.
((You can breathe bolts of dispelling energy.))
((Your rich purple scales are hard. (AC +7)))
You cannot fit into any form of body armour.
((You are cold-blooded and may be slowed by cold attacks.))


Message History

* * * LOW HITPOINT WARNING * * *
The killer bee stings you but does no damage.
Your killer bee zombie barely misses the killer bee.
The killer bee stings you but does no damage.
The killer bee stings you!
* * * LOW HITPOINT WARNING * * *
Unknown command.
Unknown command.
You hit the killer bee.
Your weapon exudes an aura of protection.
The killer bee is moderately wounded.
You feel sick.
The killer bee stings you but does no damage.
The killer bee barely misses you.
Your killer bee zombie closely misses the killer bee.
Your killer bee zombie misses the killer bee.
The killer bee stings you but does no damage. x2
You barely miss the killer bee.
The killer bee is moderately wounded.
You feel sick.
The killer bee stings you but does no damage. x2
Your killer bee zombie completely misses the killer bee.
The killer bee stings you but does no damage.
The killer bee stings you.
* * * LOW HITPOINT WARNING * * *
You miss the killer bee.
The killer bee is moderately wounded.
You feel sick.
Your killer bee zombie completely misses the killer bee.
The killer bee stings you.
* * * LOW HITPOINT WARNING * * *
The killer bee stings you but does no damage.
Your killer bee zombie closely misses the killer bee.
The killer bee stings you but does no damage. x2
It was a potion of resistance.
You feel protected.
Your reaping aura is weakening.
You feel sick.
Your killer bee zombie closely misses the killer bee.
The killer bee stings you.
You die...

#######
###.....#############
#####...........Z........
......#........Z♣#.......
z....##.....###.yy.##..##
####)##.....# #.#### .#
##)..###.### #.#
##.###.##.# #.# ...#
#....# #.# ##.# #.####
#.# ###...## #.# # #.#


You could see 2 killer bees and 2 friendly killer bee zombies.

Vanquished Creatures
  Pikel (D:7)
  Grinder (D:6)
  A steam dragon (D:7)
  2 water moccasins
  A sky beast (D:7)
  An ice beast (D:6)
  An orc warrior (D:7)
  A centaur (D:8)
  3 lemures (D:7)
  2 phantoms
  A kobold brigand (D:6)
  A necrophage (D:5)
  3 bullfrogs
  3 gnoll sergeants (D:7)
  4 wights (D:8)
  2 killer bees (D:8)
  A howler monkey (D:7)
  2 hounds
  2 jellies
  6 orc priests
  2 gnoll boudas (D:7)
  Ijyb (D:3)
  Terence (D:2)
  4 iguanas
  5 orc wizards
  Robin (D:3)
  16 gnolls
  6 adders
  4 shadow imps
  2 white imps
  An ufetubus (D:4)
  3 worms
  A dart slug (D:1)
  19 orcs
  5 endoplasms
  2 giant cockroaches
  20 goblins
  11 hobgoblins
  3 jackals
  3 quokkas
  4 ball pythons
  5 bats
  5 frilled lizards
  10 kobolds
  21 rats
194 creatures vanquished.

Vanquished Creatures (collateral kills)
  A killer bee (D:8)
  A hound (D:7)
  A gnoll (D:6)
  A worm (D:2)
  A dart slug (D:1)
  An orc (D:6)
  A hobgoblin (D:3)
  A jackal (D:7)
  A ball python (D:1)
  A rat (D:3)
10 creatures vanquished.

Vanquished Creatures (others)
  A water moccasin zombie (D:7)
  A kobold zombie (D:7)
  2 hound zombies
  An adder zombie (D:6)
  A gnoll zombie (D:7)
  6 orc zombies
  2 plants (D:7)
14 creatures vanquished.

Grand Total: 218 creatures vanquished

Notes
Turn   | Place    | Note
-------+----------+-------------------------------------------
     0 | D:1      | Angani the Draconian Necromancer began the quest for the
                  | Orb.
     0 | D:1      | Reached XP level 1. HP: 14/14 MP: 3/3
     9 | D:1      | Found Diawof Nezie's Distillery.
   166 | D:1      | Reached XP level 2. HP: 20/20 MP: 1/5
   400 | D:1      | Reached XP level 3. HP: 25/26 MP: 0/7
  1034 | D:2      | Noticed Terence
  1053 | D:2      | Killed Terence
  1054 | D:2      | Reached skill level 5 in Necromancy
  1054 | D:2      | Reached XP level 4. HP: 13/33 MP: 1/8
  1354 | D:2      | Found Tut Hao's Armour Shoppe.
  1790 | D:2      | Learned a level 3 spell: Vampiric Draining
  1818 | D:3      | Noticed Robin
  1827 | D:3      | Killed Robin
  2127 | D:3      | Identified the +1 helmet of the Circus Animal {Harm Str-3
                  | Dex+8}
  2141 | D:3      | Reached XP level 5. HP: 38/38 MP: 7/10
  2859 | D:3      | Found a sparkling altar of Nemelex Xobeh.
  2873 | D:3      | Noticed Ijyb
  3026 | D:3      | Killed Ijyb
  3097 | D:3      | Reached XP level 6. HP: 45/45 MP: 7/12
  3371 | D:3      | Reached skill level 6 in Necromancy
  3723 | D:4      | Found a blossoming altar of Fedhas.
  4528 | D:5      | Entered Level 5 of the Dungeon
  4580 | D:5      | Reached skill level 5 in Spellcasting
  4734 | D:5      | Your scales start taking on a rich purple colour.
  4734 | D:5      | Reached XP level 7. HP: 50/50 MP: 13/16
  5327 | D:5      | Found an iron altar of Okawaru.
  5535 | D:6      | Learned a level 4 spell: Animate Dead
  5892 | D:6      | Reached skill level 7 in Necromancy
  5965 | D:6      | Noticed Grinder
  5982 | D:6      | Paralysed by Grinder for 4 turns
  5993 | D:6      | Killed Grinder
  6047 | D:6      | Found a sacrificial altar of Ru.
  6115 | D:6      | Reached XP level 8. HP: 34/57 MP: 9/19
  6237 | D:6      | Reached skill level 1 in Evocations
  6373 | D:6      | Reached skill level 8 in Necromancy
  7100 | D:7      | Noticed Pikel
  7121 | D:7      | Killed Pikel
  7122 | D:7      | Reached skill level 9 in Necromancy
  7122 | D:7      | Reached skill level 5 in Evocations
  7122 | D:7      | Reached XP level 9. HP: 37/62 MP: 11/20
  7147 | D:7      | Your ally Pikel died
  7317 | D:7      | Found a staircase to the Ecumenical Temple.
  7499 | Temple   | Entered the Ecumenical Temple
  7730 | D:7      | Identified the +1 ring mail of Hethrext {Fly rElec SInv}
  7738 | D:7      | Reached skill level 10 in Necromancy
  8358 | D:7      | Learned a level 5 spell: Agony
  8732 | D:8      | Found a hide-covered altar of Uskayaw.
  8848 | D:8      | Slain by a killer bee

Illustrated notes

Levels and vault maps discovered:
D:1:      mrwooster_arrival_arrow, layout_rooms, serial_shops,
          nicolae_diamond_shop, st_stairs_10, minmay_tiny_reverse_x
D:2:      layout_basic, serial_shops, nicolae_diamond_shop, uniq_terence
D:3:      cheibrodos_greedy_goblins, layout_loops_corners,
          nemelex_spade_bored_becter, nicolae_concentric_dashed_squares_wild,
          minivault_11, uniq_ijyb, uniq_robin
D:4:      layout_loops_ring, general_overflow_altar, minmay_rat_hole
D:5:      layout_basic, kennysheep_mini
D:6:      layout_basic, nicolae_ru_awakened_eye, kennysheep_generic_room_15,
          uniq_grinder
D:7:      layout_cave_pools, minmay_temple_entry_gardened_gates,
          serial_gnoll_camp, gnoll_camp_mini_hut, gnoll_camp_mini_hut,
          gnoll_camp_medium_01, gnoll_camp_mini_house,
          kennysheep_cross_bottleneck, minmay_starry_boxes, uniq_pikel
D:8:      layout_loops_ring, nicolae_uskayaw_dance_hall
Temple:   hellmonk_temple_two_chambers

Skill      XL: |  1  2  3  4  5  6  7  8  9 |
---------------+----------------------------+-----
Spellcasting   | 3 4 6 7 |  7.6
Necromancy     | 5 6 7 9 10 | 10.7
Evocations     | 5 8 |  8.0
Dodging        | |  1.7
Stealth        | |  1.7

Action                     |  1- 3 |  4- 6 |  7- 9 || total
---------------------------+-------+-------+-------++-------
  Melee: Unarmed           |    17 |    23 |       ||    40
         Tailslap          |     2 |     9 |    27 ||    38
         Punch             |     1 |     1 |       ||     2
         Dagger            |       |    59 |   206 ||   265
  Throw: Dart              |       |       |     6 ||     6
   Cast: Necrotise         |    70 |   145 |    75 ||   290
         Animate Dead      |       |       |     7 ||     7
         Vampiric Draining |       |       |    22 ||    22
         Agony             |       |       |     1 ||     1
Ability: Breathe Dispellin |       |       |     1 ||     1
  Evoke: Wand              |       |       |     9 ||     9
    Use: Potion            |     1 |     2 |     5 ||     8
         Scroll            |       |     8 |     5 ||    13
   Stab: Sleeping          |       |     2 |     1 ||     3
         Distracted        |       |       |     1 ||     1
 Armour: Skin              |    12 |    41 |   113 ||   166
  Dodge: Dodged            |    27 |    70 |   171 ||   268

Table legend: (Time is in decaauts)
 A = Elapsed time spent in this place.
 B = Non-inter-level travel time spent in this place.
 C = Inter-level travel time spent in this place.
 D = Time resting spent in this place.
 E = Time spent auto-exploring this place.
 F = Levels seen in this place.
 G = Mean time per level.
                   A        B        C        D        E       F      G
               +--------+--------+--------+--------+--------+-----+--------+
         Total |   8844 |   8687 |    157 |   2174 |   4958 |   9 |  982.7 |
       Dungeon |   8684 |   8531 |    153 |   2040 |   4942 |   8 | 1085.5 |
        Temple |    160 |    156 |      4 |    134 |     16 |   1 |  160.0 |
               +--------+--------+--------+--------+--------+-----+--------+

Top non-repeatable levels by time:
     D:3: 1760 daAuts
     D:7: 1527 daAuts
     D:6: 1386 daAuts
     D:2: 1043 daAuts
     D:5: 1000 daAuts
     D:4: 862 daAuts
     D:1: 850 daAuts
     D:8: 254 daAuts
  Temple: 160 daAuts
